 Dungeon Crawl Stone Soup version 0.21.1-1-g345015f (webtiles) character file.

227 Flooderbenga the Grave Robber (level 6, -5/48 HPs)
             Began as a Gnoll Necromancer on Apr 10, 2018.
             Was an Initiate of Cheibriados.
             Slain by Verendum's ghost (11 damage)
             ... on level 4 of the Dungeon.
             The game lasted 00:20:52 (603 turns).

Flooderbenga the Grave Robber (Gnoll Necromancer)    Turns: 603, Time: 00:20:53

Health: -5/48      AC:  3    Str: 11    XL:     6   Next: 2%
Magic:  9/15       EV: 22    Int: 20    God:    Cheibriados [......]
Gold:   43         SH:  0    Dex: 22    Spells: 9/18 levels left

rFire    . . .     SeeInvis .   g - +0 dagger
rCold    . . .     Gourm    .   (no shield)
rNeg     . . .     Faith    .   a - +0 robe
rPois    .         Spirit   .   (no helmet)
rElec    .         Reflect  .   (no cloak)
rCorr    .         Harm     .   (no gloves)
MR       .....                  i - +0 pair of boots
Stlth    +++++.....             (no amulet)
HPRegen  0.16/turn              (no ring)
MPRegen  0.14/turn              (no ring)

@: agile, very slightly contaminated, very slow
A: distributed training, fangs 1, strong nose
a: Bend Time, Renounce Religion


You were on level 4 of the Dungeon.
You worshipped Cheibriados.
Cheibriados was noncommittal.
You were not hungry.

You visited 1 branch of the dungeon, and saw 4 of its levels.

You collected 43 gold pieces.

Inventory:

Hand Weapons
 g - a +0 dagger (weapon)
Missiles
 j - 26 stones (quivered)
Armour
 a - a +0 robe (worn)
 i - a +0 pair of boots (worn)
Scrolls
 q - a scroll of enchant armour
Books
 b - a book of Necromancy

   Spells                             Type                      Level
   a - Pain                           Necromancy                   1
   b - Animate Skeleton               Necromancy                   1
   c - Vampiric Draining              Necromancy                   3
   d - Regeneration                   Charms/Necromancy            3
   e - Animate Dead                   Necromancy                   4
   f - Borgnjor's Vile Clutch         Necromancy/Earth             5
 e - a book of the Sky

   Spells                             Type                      Level
   a - Summon Lightning Spire         Summoning/Air                4
   b - Silence                        Hexes/Air                    5
   c - Deflect Missiles               Charms/Air                   6
   d - Conjure Ball Lightning         Conjuration/Air              6
   e - Tornado                        Air                          9
Comestibles
 c - 2 rations


   Skills:
 + Level 4.1 Fighting
 + Level 4.1 Short Blades
 + Level 4.1 Long Blades
 + Level 4.1 Axes
 + Level 4.1 Maces & Flails
 + Level 4.1 Polearms
 + Level 4.1 Staves
 + Level 4.1 Slings
 + Level 4.1 Bows
 + Level 4.1 Crossbows
 + Level 4.1 Throwing
 + Level 4.1 Armour
 + Level 6.2 Dodging
 + Level 5.9 Stealth
 + Level 4.1 Shields
 + Level 4.1 Unarmed Combat
 + Level 6.5 Spellcasting
 + Level 3.3 Conjurations
 + Level 3.3 Hexes
 + Level 3.3 Charms
 + Level 3.3 Summonings
 + Level 7.9 Necromancy
 + Level 3.3 Translocations
 + Level 3.3 Transmutations
 + Level 3.3 Fire Magic
 + Level 3.3 Ice Magic
 + Level 3.3 Air Magic
 + Level 3.3 Earth Magic
 + Level 3.3 Poison Magic
 + Level 4.5 Invocations
 + Level 4.1 Evocations


You had 9 spell levels left.
You knew the following spells:

 Your Spells              Type           Power        Failure   Level  Hunger
a - Pain                  Necr           ####         1%          1    None
r - Regeneration          Chrm/Necr      ####......   2%          3    #......
s - Summon Lightning Spi  Summ/Air       ###.....     24%         4    ###....
z - Animate Skeleton      Necr           N/A          1%          1    None


Dungeon Overview and Level Annotations

Branches:
Dungeon (4/15)             Temple (0/1) D:4

Altars:
Cheibriados
Makhleb

Annotations:
D:4 Verendum's ghost, novice GrFi


Innate Abilities, Weirdness & Mutations

Your experience applies equally to all skills.
You have very sharp teeth.
Your uncanny sense of smell can sniff out nearby items.


Message History

Verendum's ghost hits you!
* * * LOW HITPOINT WARNING * * *
You take 14 damage, and have 5/48 hp.
MASSIVE DAMAGE!!
Verendum's ghost completely misses you.
Your lightning spire shoots out a bolt of lightning at Verendum's ghost!
The bolt of electricity hits Verendum's ghost.
Verendum's ghost resists.
The bolt of electricity hits Verendum's ghost.
Verendum's ghost resists.
The bolt of electricity hits your lightning spire.
Your lightning spire completely resists.
Really walk into a travel-excluded area?
Found a stone staircase leading down.
Autopickup is now off.
Verendum's ghost barely misses you.
You see here a scroll labeled WUGUIV NOOSS.
As you read the scroll labeled WUGUIV NOOSS, it crumbles to dust.
Your nose twitches suddenly!
It was a scroll of random uselessness.
Verendum's ghost hits you!
You die...

#. ..# .>...# #.#..#
### .... ....
####..###...#
......)....## ∆
#.%...#.....
#.@..#.%..#
#)W..#....#
##......#+#
#####..%8.#.#.#### ∆
.................
########..).....##....
#.....<#.#)###..# ...
#.####.#.#)###..# #
#....# #.#....#


You could see Verendum's ghost and a friendly lightning spire.

Vanquished Creatures
  An orc priest (D:3)
  2 orc wizards (D:4)
  A worker ant (D:2)
  An adder (D:2)
  A dart slug (D:3)
  3 orcs
  2 goblins
  A quokka (D:3)
  A frilled lizard (D:2)
  3 kobolds
  5 rats
21 creatures vanquished.

Vanquished Creatures (collateral kills)
  An orc wizard (D:4)
  A kobold (D:2)
  A frilled lizard (D:2)
3 creatures vanquished.

Grand Total: 24 creatures vanquished

Notes
Turn   | Place    | Note
-------+----------+-------------------------------------------
     0 | D:1      | Flooderbenga the Gnoll Necromancer began the quest for the Orb.
     0 | D:1      | Reached XP level 1. HP: 13/13 MP: 6/6
    69 | D:2      | Reached XP level 2. HP: 15/20 MP: 2/7
    74 | D:2      | Learned a level 1 spell: Animate Skeleton
   129 | D:2      | Found a snail-covered altar of Cheibriados.
   129 | D:2      | Found a burning altar of Makhleb.
   136 | D:2      | Became a worshipper of Cheibriados the Contemplative
   247 | D:2      | Reached skill level 5 in Spellcasting
   247 | D:2      | Reached XP level 3. HP: 12/25 MP: 3/9
   252 | D:2      | Learned a level 3 spell: Regeneration
   349 | D:3      | Reached skill level 1 in Invocations
   392 | D:3      | Reached skill level 1 in Fighting
   392 | D:3      | Reached skill level 1 in Short Blades
   392 | D:3      | Reached skill level 1 in Long Blades
   392 | D:3      | Reached skill level 1 in Axes
   392 | D:3      | Reached skill level 1 in Maces & Flails
   392 | D:3      | Reached skill level 1 in Polearms
   392 | D:3      | Reached skill level 1 in Staves
   392 | D:3      | Reached skill level 1 in Slings
   392 | D:3      | Reached skill level 1 in Bows
   392 | D:3      | Reached skill level 1 in Crossbows
   392 | D:3      | Reached skill level 1 in Throwing
   392 | D:3      | Reached skill level 1 in Armour
   392 | D:3      | Reached skill level 1 in Shields
   392 | D:3      | Reached skill level 1 in Unarmed Combat
   392 | D:3      | Reached skill level 1 in Evocations
   392 | D:3      | Reached XP level 4. HP: 27/32 MP: 3/11
   398 | D:3      | Learned a level 4 spell: Summon Lightning Spire
   527 | D:4      | Found a staircase to the Ecumenical Temple.
   571 | D:4      | Reached skill level 5 in Stealth
   571 | D:4      | Reached XP level 5. HP: 34/42 MP: 12/14
   586 | D:4      | Reached XP level 6. HP: 35/48 MP: 10/15
   595 | D:4      | Noticed Verendum's ghost (novice GrFi)
   603 | D:4      | Slain by Verendum's ghost

Skill      XL: |  1  2  3  4 |
---------------+-------------+-----
Spellcasting   | 5 6 |  6.5
Invocations    | 1 4 |  4.5
Fighting       | 1 4 |  4.1
Short Blades   | 1 4 |  4.1
Long Blades    | 1 4 |  4.1
Axes           | 1 4 |  4.1
Maces & Flails | 1 4 |  4.1
Polearms       | 1 4 |  4.1
Staves         | 1 4 |  4.1
Slings         | 1 4 |  4.1
Bows           | 1 4 |  4.1
Crossbows      | 1 4 |  4.1
Throwing       | 1 4 |  4.1
Armour         | 1 4 |  4.1
Shields        | 1 4 |  4.1
Unarmed Combat | 1 4 |  4.1
Evocations     | 1 4 |  4.1
Dodging        | 6 |  6.2
Stealth        | 5 |  5.9
Conjurations   | 3 |  3.3
Hexes          | 3 |  3.3
Charms         | 3 |  3.3
Summonings     | 3 |  3.3
Translocations | 3 |  3.3
Transmutations | 3 |  3.3
Fire Magic     | 3 |  3.3
Ice Magic      | 3 |  3.3
Air Magic      | 3 |  3.3
Earth Magic    | 3 |  3.3
Poison Magic   | 3 |  3.3
Necromancy     | |  7.9

Action                   |  1- 3 |  4- 6 || total
-------------------------+-------+-------++-------
Melee: Unarmed           |     4 |       ||     4
       Bite              |     3 |     1 ||     4
       Dagger            |       |     3 ||     3
Throw: Tomahawk          |       |     3 ||     3
 Cast: Pain              |    27 |    10 ||    37
       Animate Skeleton  |     4 |       ||     4
       Regeneration      |     1 |       ||     1
       Summon Lightning  |       |     2 ||     2
  Use: Potion            |       |     3 ||     3
       Scroll            |       |     6 ||     6
Armor: Robe              |     1 |     1 ||     2
Dodge: Dodged            |     3 |     7 ||    10
